Map: Kairos Junction LE

Players

Lambo - Winner!

  • Race: Zerg Zerg
  • League: Grandmaster
  • Spawn Location: 11:00

Clem

  • Race: Terran Terran
  • League: Grandmaster
  • Spawn Location: 5:00

VOD

Have the link to the VOD?

Description

Time

  • Played on: Dec. 15, 2018, 1:28 p.m.
  • Length: 4:33
Show
View Real Time Build Order
Export as new Build Order

Lambo Zerg - Winner!

Build Orders: Hatch First, Zergling Baneling 

Get SALT Encoding   

  12  0:00  Drone  
  13  0:13  Overlord  
  13  0:19  Drone  
  14  0:31  Drone x2  
  16  0:49  Hatchery  
  15  0:51  Drone  
  15  0:55  Drone  
  17  0:58  Drone  
  18  1:10  Extractor  
  17  1:13  Spawning Pool  
  17  1:17  Drone  
  17  1:20  Drone  
  18  1:28  Drone  
  19  1:40  Drone  
  20  2:02  Queen x2, Zergling x6  
  27  2:09  Metabolic Boost  
  27  2:15  Zergling x2  
  28  2:18  Spore Crawler  
  27  2:29  Overlord, Drone  
  29  2:50  Baneling Nest, Zergling x10  
  30  3:01  Zergling x4  
  32  3:08  Zergling x2  
  32  3:11  Zergling x2  
  34  3:18  Zergling x2  
  34  3:19  Overlord  
  35  3:21  Overlord  
  35  3:26  Zergling x2  
  36  3:35  Baneling x7  
  36  3:38  Zergling x6  
  36  3:40  Zergling x2  
  40  3:42  Zergling x2  
  40  3:46  Baneling  
  40  3:47  Zergling x2  
  42  3:56  Zergling x6  
  44  4:08  Baneling  
  41  4:11  Zergling x6  
  41  4:12  Zergling x2  
  41  4:14  Zergling x2  
Show
View Real Time Build Order
Export as new Build Order

Clem Terran 

Build Orders: Reaper Expand 

Get SALT Encoding   

  12  0:00  SCV  
  13  0:13  SCV  
  14  0:19  Supply Depot  
  14  0:25  SCV  
  15  0:40  SCV  
  15  0:41  Barracks  
  16  0:45  Refinery  
  16  0:52  SCV  
  17  1:04  SCV  
  18  1:18  SCV  
  19  1:29  Reaper  
  19  1:30  Orbital Command  
  20  1:37  Bunker  
  20  1:48  Command Center  
  20  1:56  SCV  
  21  2:01  Reaper  
  21  2:04  Supply Depot  
  22  2:11  SCV  
  22  2:14  Refinery  
  23  2:25  SCV  
  24  2:34  Factory  
  24  2:38  SCV  
  25  2:50  SCV  
  25  3:02  Command Center  
  25  3:03  Orbital Command  
  25  3:07  SCV  
  26  3:17  Factory Reactor  
  26  3:23  Starport  
  26  3:32  Engineering Bay  
  26  3:34  Bunker  
  26  3:42  SCV x2  
  28  3:54  Hellion x2, Supply Depot  
  28  3:55  Bunker  
  32  4:01  Engineering Bay  
  31  4:04  Supply Depot  
  31  4:07  SCV  
  30  4:20  SCV  
Tags
 
Add a new tag
Caveats
  • Supply blocks, unpowered buildings, or Contaminate may cause inaccurate times.
  • Supply counts are checked every 10 seconds.